[Event "Late-Titled-Tuesday-Blitz-March-26-2024"]
[Site "Chess.com"]
[Date "2024.03.26"]
[Round "6"]
[White "Jimonios"]
[Black "vladoboch"]
[Result "0-1"]
[WhiteElo "2603"]
[BlackElo "2494"]
[TimeControl "180+1"]
[EndTime "15:05:50 PDT"]
[Termination "vladoboch won by resignation"]

1. Nc3 Nf6 2. e4 e5 3. Bc4 Bc5 4. d3 O-O 5. f4 d6 6. Nf3 Nc6 7. f5 Na5 8. Qe2 c6 9. Bg5 Nxc4 10. dxc4 h6 11. Bh4 g5 12. fxg6 fxg6 13. O-O-O Qe7 14. Na4 Bb4 15. c3 Ba5 16. Qd2 g5 17. Bxg5 hxg5 18.
Qxg5+ Qg7 19. Rxd6 Nxe4 20. Qxg7+ Kxg7 21. Rdd1 Nf2 22. Nxe5 Nxh1 23. Rxh1 Bc7 24. Nf3 Bg4 25. Nd4 b6 26. h3 Bd7 27. c5 b5 0-1

[Event "Late-Titled-Tuesday-Blitz-March-26-2024"]
[Site "Chess.com"]
[Date "2024.03.26"]
[Round "6"]
[White "IsaqueGoncalvesSanto"]
[Black "Abhishek2"]
[Result "0-1"]
[WhiteElo "1891"]
[BlackElo "2371"]
[TimeControl "180+1"]
[EndTime "15:05:50 PDT"]
[Termination "Abhishek2 won on time"]

1. d4 Nf6 2. c4 e6 3. Nc3 Bb4 4.
a3 Bxc3+ 5. bxc3 c5 6. h4 Qa5 7. Bd2 Nc6 8. dxc5 Qxc5 9. Be3 Qxc4 10. Qd3 Qa4 11. Bc5 b6 12. Bd6 Ba6 13. Qg3 Qc2 14. Rd1 Rg8 15. f3 Qxc3+ 16. Kf2 Nd5 17. Qg5 h6 18. Qc1 Qf6 19. e4 Nc3 20. Rd2 Nxe4+ 21.
Ke1 Nxd2 22. Bxa6 Nb3 23. Qc4 Qa1+ 24. Kf2 Qb2+ 25. Kg3 g5 26. Bb7 gxh4+ 27. Kxh4 Qf2+ 0-1

[Event "Late-Titled-Tuesday-Blitz-March-26-2024"]
[Site "Chess.com"]
[Date "2024.03.26"]
[Round "6"]
[White "sergoy"]
[Black "Adar_07"]
[Result "1-0"]
[WhiteElo "2918"]
[BlackElo "2776"]
[TimeControl "180+1"]
[EndTime "15:05:54 PDT"]
[Termination "sergoy won on time"]

1. d4 Nf6 2. c4 e6 3. Nc3 c5 4.
d5 exd5 5. cxd5 g6 6. e4 d6 7. f4 Bg7 8. Bb5+ Bd7 9. e5 dxe5 10. fxe5 Qe7 11. Qe2 Bxb5 12. Qxb5+ Nbd7 13. Nf3 O-O 14. Bf4 Nh5 15. Bg5 f6 16. e6 fxg5 17.
Qxd7 Qxd7 18. exd7 Rad8 19. Nxg5 Rxd7 20. Ne6 Bxc3+ 21.
bxc3 Rf5 22. c4 Nf4 23. O-O-O b5 24. g4 Ne2+ 25. Kd2 Re5 26. Nxc5 Rc7 27. d6 Rc6 28. d7 Rexc5 29. d8=Q+ 1-0

[Event "Late-Titled-Tuesday-Blitz-March-26-2024"]
[Site "Chess.com"]
[Date "2024.03.26"]
[Round "6"]
[White "WilsonPalencia21"]
[Black "campochess"]
[Result "1-0"]
[WhiteElo "2591"]
[BlackElo "2161"]
[TimeControl "180+1"]
[EndTime "15:05:54 PDT"]
[Termination "WilsonPalencia21 won by resignation"]

1. d4 Nf6 2. c4 e6 3. Nf3 b6 4. g3 Ba6 5. Qc2 c6 6. Bg2 d5 7. Nbd2 Nbd7 8. O-O Rc8 9. Re1 b5 10.
c5 b4 11. a3 bxa3 12. Rxa3 Nb8 13. Nb3 Ne4 14. Bf4 Bb5 15. Rxa7 Na6 16. Ra1 Nb4 17. Qd1 g5 18. Be3 g4 19. Nfd2 f5 20.
Nxe4 dxe4 21. Qd2 Nd5 22. Bg5 Be7 23. Bxe7 Nxe7 24. Qh6 Rf8 25. Qxe6 Rf7 26. Na5 Kf8 27. Nb7 Qd5 28. Qh6+ Kg8 29. Nd6 Qxd4 30. Nxf7 1-0

[Event "Late-Titled-Tuesday-Blitz-March-26-2024"]
[Site "Chess.com"]
[Date "2024.03.26"]
[Round "6"]
[White "Veleamater"]
[Black "JaackCamel"]
[Result "1-0"]
[WhiteElo "2405"]
[BlackElo "2191"]
[TimeControl "180+1"]
[EndTime "15:05:59 PDT"]
[Termination "Veleamater won by checkmate"]

1. g3 d5 2. Bg2 e5 3. d3 Nf6 4.
Nf3 Bd6 5. O-O O-O 6. h3 h6 7. Nc3 c6 8. e4 d4 9. Ne2 Be6 10. Ne1 Nfd7 11. f4 f6 12. f5 Bf7 13. g4 c5 14. Rf2 b5 15. Bf1 Nc6 16. Rg2 c4 17. h4 Nc5 18. Ng3 cxd3 19. cxd3 Nb4 20. Nh1 Nxa2 21. b4 Nxc1 22. bxc5 Nb3 23. Rb1 Nxc5 24. Nf2 Qb6 25. Nh3 a5 26. g5 Kh8 27. g6 Bg8 28. Nf2 Rfb8 29. Qh5 Ra7 30. Ng4 Bf8 31. Nf3 a4 32.
Nfh2 Nxe4 33. dxe4 d3+ 34. Kh1 a3 35. Nxh6 gxh6 36. Ng4 a2 37. Ra1 Qd4 38. Nxh6 Kg7 39. Ng4 Bc4 40. Qh6+ Kg8 41. Nxf6# 1-0

[Event "Late-Titled-Tuesday-Blitz-March-26-2024"]
[Site "Chess.com"]
[Date "2024.03.26"]
[Round "6"]
[White "jcibarra"]
[Black "AnthonyWirig"]
[Result "1-0"]
[WhiteElo "2995"]
[BlackElo "2827"]
[TimeControl "180+1"]
[EndTime "15:06:10 PDT"]
[Termination "jcibarra won by resignation"]

1. e4 c5 2. Nf3 e6 3. d3 d5 4. Qe2 Nf6 5. g3 Be7 6. Bg2 b6 7. e5 Nfd7 8. h4 h6 9. c4 Bb7 10. Nc3 Na6 11. cxd5 exd5 12. O-O Nf8 13. d4 Ne6 14. Rd1 Nac7 15. Be3 c4 16. Nd2 b5 17. f4 g6 18. h5 b4 19. Na4 Ba6 20. hxg6 c3 21. gxf7+ Kf8 22. Qh5 Ng7 23. Qg6 cxd2 24. f5 Bg5 25. Bxg5 Qxg5 26. Qd6+ Qe7 27. f6 Qxd6 28.
fxg7+ Kxg7 29. exd6 Nb5 30. Nc5 Nxd4 31. Nxa6 Raf8 32.
Bxd5 Nf5 33. Nc5 1-0

[Event "Late-Titled-Tuesday-Blitz-March-26-2024"]
[Site "Chess.com"]
[Date "2024.03.26"]
[Round "6"]
[White "baki83"]
[Black "LikeWater"]
[Result "1-0"]
[WhiteElo "2902"]
[BlackElo "2708"]
[TimeControl "180+1"]
[EndTime "15:06:11 PDT"]
[Termination "baki83 won by checkmate"]

1. e4 c6 2. d4 d5 3. e5 Bf5 4.
h4 h6 5. Bd3 Bxd3 6. Qxd3 e6 7. c3 c5 8. Nf3 Nc6 9. a3 Qb6 10. O-O c4 11. Qc2 O-O-O 12. Nbd2 Kb8 13. b3 cxb3 14. Nxb3 Rc8 15. Bd2 Nge7 16. Nc5 Qd8 17. Rfb1 b6 18. a4 Ka8 19. Nb3 Nf5 20. Qd3 Nxh4 21.
Nxh4 Qxh4 22. a5 Qe4 23. Qa6 Rb8 24. axb6 Rxb6 25. Qc8+ Nb8 26. Rxa7+ Kxa7 27. Qc7+ Rb7 28. Ra1+ Na6 29. Rxa6+ Kxa6 30. Qa5# 1-0

[Event "Late-Titled-Tuesday-Blitz-March-26-2024"]
[Site "Chess.com"]
[Date "2024.03.26"]
[Round "6"]
[White "carloseduar100"]
[Black "dennisodessa"]
[Result "0-1"]
[WhiteElo "2256"]
[BlackElo "2523"]
[TimeControl "180+1"]
[EndTime "15:06:14 PDT"]
[Termination "dennisodessa won by checkmate"]

1. d4 e6 2. c3 Nf6 3. Bg5 c5 4.
e3 d5 5. Nf3 Nc6 6. Nbd2 Be7 7.
Bd3 O-O 8. O-O Bd7 9. Rc1 Qb6 10. b3 h6 11. Bh4 Rac8 12. Re1 Rfd8 13. dxc5 Qxc5 14.
e4 dxe4 15. Nxe4 Nxe4 16. Bxe7 Qxf2+ 17. Kh1 Nxe7 18. Rxe4 Bc6 19. Rd4 Bxf3 20. Rxd8+ Rxd8 21. gxf3 Qe3 22. Bh7+ Kxh7 23. Qxd8 Qxc1+ 24. Kg2 Ng6 25. Qd3 Qb2+ 26. Kg3 Qxa2 27. h4 Qa5 28. b4 Qf5 29.
Qd6 e5 30. Qc7 Qf4+ 31. Kf2 Nxh4 32. Qxb7 Qd2+ 33. Kg3 Nf5+ 34. Kh3 Qf2 35. Kg4 Qg3+ 36. Kxf5 Qf4# 0-1

[Event "Late-Titled-Tuesday-Blitz-March-26-2024"]
[Site "Chess.com"]
[Date "2024.03.26"]
[Round "6"]
[White "TemploVillamarin"]
[Black "Houdinovic"]
[Result "0-1"]
[WhiteElo "2251"]
[BlackElo "2707"]
[TimeControl "180+1"]
[EndTime "15:06:14 PDT"]
[Termination "Houdinovic won by resignation"]

1. d4 Nf6 2. Nc3 d5 3. e4 dxe4 4. f3 e3 5. Bxe3 e6 6. Qd2 Bb4 7. a3 Be7 8. Bd3 O-O 9. Nge2 a6 10. O-O-O b5 11. g4 b4 12. axb4 Bxb4 13. g5 Nd5 14. Be4 a5 15. Qd3 g6 16. Bxd5 exd5 17. Nf4 c6 18. h4 Bf5 19. Qe2 Re8 20. Qf2 Bxc3 21. bxc3 Nd7 22. h5 Nb6 23. hxg6 fxg6 24. Nd3 Qe7 25. Kb1 Qxe3 0-1

[Event "Late-Titled-Tuesday-Blitz-March-26-2024"]
[Site "Chess.com"]
[Date "2024.03.26"]
[Round "6"]
[White "Msb2"]
[Black "stollenmonster"]
[Result "1-0"]
[WhiteElo "3030"]
[BlackElo "2865"]
[TimeControl "180+1"]
[EndTime "15:06:15 PDT"]
[Termination "Msb2 won by checkmate"]

1. d4 Nf6 2. c4 e6 3. Nc3 d5 4. cxd5 Nxd5 5. e4 Nxc3 6. bxc3 b6 7. Bd3 Bb7 8. Nf3 Nd7 9. h4 Be7 10. h5 h6 11. Qe2 c5 12. Rh3 cxd4 13. cxd4 Rc8 14. Kf1 Nf6 15. Bb2 Kf8 16. Ne5 Nd7 17. Nxd7+ Qxd7 18. Rg3 Rg8 19. Rd1 Qa4 20. Kg1 Rd8 21.
Bb5 Qa5 22. a4 a6 23. Bc3 Bb4 24. Bxb4+ Qxb4 25. Bxa6 Bc6 26. d5 exd5 27. exd5 Bxa4 28. Rc1 Bd7 29. d6 Qf4 30. Qe7# 1-0

[Event "Late-Titled-Tuesday-Blitz-March-26-2024"]
[Site "Chess.com"]
[Date "2024.03.26"]
[Round "6"]
[White "Statham_01"]
[Black "Genghis_K"]
[Result "0-1"]
[WhiteElo "2615"]
[BlackElo "2917"]
[TimeControl "180+1"]
[EndTime "15:06:18 PDT"]
[Termination "Genghis_K won on time"]

1. e4 c5 2. a3 g6 3. Nf3 Bg7 4. c3 d5 5. e5 d4 6. cxd4 cxd4 7. Bc4 Nh6 8. d3 Nc6 9. O-O Ng4 10. e6 f5 11. Ng5 Qc7 12. g3 O-O 13. Bf4 Be5 14.
Bxe5 Ncxe5 15. Ba2 b6 16. h3 Nf6 17. f4 Nc6 18.
Nd2 Bb7 19. Ndf3 Nh5 20. Qe1 Rac8 21. Rc1 Qd6 22. Nf7 Qb8 23. Kh2 Na5 24. Rxc8 Rxc8 25. N3g5 Rc2+ 26. Rf2 Qc7 27. Ne5 Rc1 28. Nc4 Rxe1 0-1

[Event "Late-Titled-Tuesday-Blitz-March-26-2024"]
[Site "Chess.com"]
[Date "2024.03.26"]
[Round "6"]
[White "kids2010"]
[Black "BillieKimbah"]
[Result "1-0"]
[WhiteElo "2820"]
[BlackElo "2949"]
[TimeControl "180+1"]
[EndTime "15:06:20 PDT"]
[Termination "kids2010 won by checkmate"]

1. e4 e5 2. Nf3 Nc6 3. Nc3 Nf6 4. Bb5 Bd6 5. O-O O-O 6. d3 Re8 7.
a3 h6 8. Bc4 Bc5 9. Be3 Bb6 10.
h3 d6 11. Nd5 Nxd5 12. Bxd5 Ne7 13. Ba2 Ng6 14. Qd2 Qf6 15. Rae1 Bxh3 16. Ng5 Bxe3 17. Bxf7+ Kh8 18. Qxe3 Bxg2 19. Bxg6 Qxg6 20. Kxg2 Rf8 21. Qg3 Rf4 22. f3 hxg5 23. Rh1+ Kg8 24. Qh3 g4 25. Qh8+ Kf7 26. Qxa8 gxf3+ 27. Kf2 Qg2+ 28. Ke3 d5 29. exd5 Qxc2 30. Qd8 f2 31. Qd7+ Kf6 32. Qe6+ Kg5 33. Qxe5+ Rf5 34. Qxg7# 1-0

[Event "Late-Titled-Tuesday-Blitz-March-26-2024"]
[Site "Chess.com"]
[Date "2024.03.26"]
[Round "6"]
[White "leandrojimenez"]
[Black "Shahdad2007"]
[Result "1-0"]
[WhiteElo "2446"]
[BlackElo "2610"]
[TimeControl "180+1"]
[EndTime "15:06:21 PDT"]
[Termination "leandrojimenez won by checkmate"]

1. d4 Nf6 2. c4 e6 3. g3 d5 4. Bg2 Be7 5. Nf3 O-O 6. O-O b6 7. Qc2 Bb7 8. Ne5 Nbd7 9. cxd5 Nxe5 10. dxe5 Nxd5 11. Rd1 Qc8 12. a3 c5 13. Be4 g6 14.
Bh6 Rd8 15. Nd2 Qc7 16. Nf3 Rd7 17. h4 Rad8 18. h5 Bf8 19. Bg7 Bxg7 20. hxg6 hxg6 21. Bxg6 Ne7 22. Bxf7+ Kf8 23. Rxd7 Qxd7 24. Ng5 Nf5 25.
Bxe6 Qc6 26. Qxf5+ Ke7 27. Qf7# 1-0

[Event "Late-Titled-Tuesday-Blitz-March-26-2024"]
[Site "Chess.com"]
[Date "2024.03.26"]
[Round "6"]
[White "janhelmer03"]
[Black "Zq1"]
[Result "1-0"]
[WhiteElo "2427"]
[BlackElo "2626"]
[TimeControl "180+1"]
[EndTime "15:06:23 PDT"]
[Termination "janhelmer03 won by resignation"]

1. Nf3 Nf6 2. c4 c5 3. g3 b6 4. Bg2 Bb7 5. O-O g6 6. b3 Bg7 7. Bb2 O-O 8. d4 cxd4 9. Nxd4 Bxg2 10. Kxg2 Qc8 11. f3 Qb7 12. e4 d6 13. Nc3 Nbd7 14.
Nd5 Rfe8 15. Qd2 a6 16. a4 Nc5 17. b4 Ncd7 18. b5 Ne5 19. Qe2 e6 20. Nxf6+ Bxf6 21. Nc6 Bg7 22. Bxe5 dxe5 23. Rfd1 h5 24. Qe3 axb5 25.
axb5 Rxa1 26. Rxa1 Qc7 27. Qd3 Qc8 28. Ra7 Bf8 29.
Qe3 Bc5 30. Qg5 Rf8 31. Qxe5 Qe8 32. Qf6 Qc8 33. h4 Bd6 34. g4 hxg4 35. fxg4 Bc5 36. h5 1-0

[Event "Late-Titled-Tuesday-Blitz-March-26-2024"]
[Site "Chess.com"]
[Date "2024.03.26"]
[Round "6"]
[White "FMYiLiu"]
[Black "Evandro_Barbosa"]
[Result "1-0"]
[WhiteElo "2517"]
[BlackElo "2648"]
[TimeControl "180+1"]
[EndTime "15:06:24 PDT"]
[Termination "FMYiLiu won on time"]

1. d4 Nf6 2. Nf3 e6 3. Bf4 c5 4.
e3 b6 5. Nbd2 Bb7 6. Nc4 d5 7.
Nce5 Nbd7 8. Bb5 a6 9. Ng5 axb5 10. Nexf7 Qc8 11. Nxh8 Qc6 12. Nxh7 b4 13. Nxf6+ Nxf6 14. Ng6 O-O-O 15. O-O Ne4 16. f3 Nf6 17. a3 Qe8 18. Nxf8 Qxf8 19. dxc5 Qxc5 20. Qd4 Qc6 21. axb4 Nd7 22.
Ra3 1-0

[Event "Late-Titled-Tuesday-Blitz-March-26-2024"]
[Site "Chess.com"]
[Date "2024.03.26"]
[Round "6"]
[White "TigrVShlyape"]
[Black "jefferyx"]
[Result "1/2-1/2"]
[WhiteElo "2911"]
[BlackElo "3100"]
[TimeControl "180+1"]
[EndTime "15:06:26 PDT"]
[Termination "Game drawn by repetition"]

1. d4 f5 2. Nc3 Nf6 3. Bg5 d5 4. e3 c6 5. Bd3 g6 6. Nf3 Bg7 7. O-O Ne4 8. Bf4 Nd7 9. Ne2 e6 10. c4 O-O 11. Rc1 Qe7 12. a3 a5 13. Ne5 Nxe5 14.
Bxe5 Bxe5 15. dxe5 Bd7 16. f3 Nc5 17. cxd5 exd5 18.
f4 Ne6 19. Nd4 c5 20. Nxe6 Bxe6 21. Bb5 Rfd8 22. Qc2 b6 23. Rcd1 Rac8 24. h3 Kg7 25. Qf2 c4 26. a4 c3 27. bxc3 Rxc3 28. Kh2 Rdc8 29. Rd4 Rc2 30. Rd2 R2c3 31. Rd4 Rc2 32. Rd2 R2c3 33. Rd4 1/2-1/2

[Event "Late-Titled-Tuesday-Blitz-March-26-2024"]
[Site "Chess.com"]
[Date "2024.03.26"]
[Round "6"]
[White "Godzillator"]
[Black "tarno17"]
[Result "1-0"]
[WhiteElo "2382"]
[BlackElo "2196"]
[TimeControl "180+1"]
[EndTime "15:06:26 PDT"]
[Termination "Godzillator won on time"]

1. c4 e5 2. d3 Nf6 3. Nf3 Bb4+ 4. Nbd2 d6 5. g3 O-O 6. Bg2 Re8 7. O-O Nbd7 8. a3 Bxd2 9. Nxd2 Nf8 10. b4 Ng6 11.
Bb2 c6 12. Ne4 Nxe4 13. dxe4 Be6 14. Qd3 Qb6 15. Rab1 Rad8 16. Rfd1 Ne7 17. Qc2 f5 18. c5 dxc5 19. bxc5 Rxd1+ 20. Rxd1 Qb3 21. Qxb3 Bxb3 22. Rd7 b6 23. Bxe5 fxe4 24. Bd6 Nf5 25. Rxa7 Nxd6 26. cxd6 Bd5 27. Bh3 Rd8 28. d7 Kf8 29. a4 b5 30. a5 Ke7 31. a6 c5 32.
Rc7 c4 33. a7 Kd6 34. Rc8 Ke7 35. Rb8 c3 36. Rxb5 Kd6 37. Rb8 c2 38. Rxd8 c1=Q+ 39. Bf1 e3 40. f3 1-0

[Event "Late-Titled-Tuesday-Blitz-March-26-2024"]
[Site "Chess.com"]
[Date "2024.03.26"]
[Round "6"]
[White "Heliosis11"]
[Black "cristiano78"]
[Result "1-0"]
[WhiteElo "2324"]
[BlackElo "2245"]
[TimeControl "180+1"]
[EndTime "15:06:29 PDT"]
[Termination "Heliosis11 won by resignation"]

1. e4 c5 2. Nf3 d6 3. Bb5+ Bd7 4. Bxd7+ Qxd7 5. c4 Nc6 6. d4 cxd4 7. Nxd4 g6 8. Nc3 Bg7 9. Be3 Nf6 10. f3 O-O 11.
O-O b6 12. Rc1 Rac8 13. b3 Nxd4 14. Bxd4 e6 15. Qd3 Rfd8 16. Rfd1 Qe7 17. Qe2 Nd7 18. Bxg7 Kxg7 19. Qf2 Nc5 20. Qd4+ Qf6 21. Qe3 Nb7 22. f4 h5 23. Rf1 Qe7 24. f5 exf5 25. Nd5 Qe5 26.
exf5 Qxe3+ 27. Nxe3 Nc5 28. Nd5 Ne4 29. f6+ Kh6 30. Rce1 Nc5 31. Re7 Rf8 32. Rxa7 Ra8 33. Rxa8 Rxa8 34. Rf2 Nd3 35. Rd2 Nc1 36. Nxb6 Rxa2 37.
Rxa2 Nxa2 38. Nc8 Nc1 39. b4 Ne2+ 40. Kf2 Nd4 41. Nxd6 Kg5 42. Nxf7+ Kxf6 43. Nd6 Ke5 44. c5 Kd5 45. Nb7 Kc6 46. Nd8+ Kb5 47. c6 Nxc6 48. Nxc6 Kxc6 49. Ke3 Kb5 50. Kf4 Kxb4 51. Kg5 Kc5 52. Kxg6 Kd5 53. Kxh5 1-0

[Event "Late-Titled-Tuesday-Blitz-March-26-2024"]
[Site "Chess.com"]
[Date "2024.03.26"]
[Round "6"]
[White "egnfanclub"]
[Black "ACollins05"]
[Result "0-1"]
[WhiteElo "2376"]
[BlackElo "2520"]
[TimeControl "180+1"]
[EndTime "15:06:30 PDT"]
[Termination "ACollins05 won by resignation"]

1. e4 c5 2. Nc3 Nc6 3. f4 g6 4.
Nf3 Bg7 5. Bc4 e6 6. f5 gxf5 7. d3 Nge7 8. O-O O-O 9. Qe1 Nd4 10. Nxd4 cxd4 11. Ne2 fxe4 12. dxe4 d5 13. Bd3 dxe4 14.
Bxe4 Ng6 15. Qf2 f5 16. Bd3 e5 17. Bc4+ Kh8 18. Ng3 e4 19. Bf4 Qh4 20. Bd6 Rd8 21.
Bc7 Rf8 22. Bd6 Rd8 23. Bc7 Re8 24. Nxf5 Qxf2+ 25. Rxf2 Bxf5 26. Rxf5 Rac8 27. Rf7 Re7 28. Bd6 Rxf7 29. Bxf7 Rxc2 30. Bd5 e3 31. Ba3 d3 32.
Bxb7 d2 33. Bf3 Rc1+ 0-1

[Event "Late-Titled-Tuesday-Blitz-March-26-2024"]
[Site "Chess.com"]
[Date "2024.03.26"]
[Round "6"]
[White "Boudicca64"]
[Black "salgadoLO"]
[Result "0-1"]
[WhiteElo "1765"]
[BlackElo "2162"]
[TimeControl "180+1"]
[EndTime "15:06:30 PDT"]
[Termination "salgadoLO won on time"]

1. e4 c5 2. g3 Nc6 3. Bg2 e6 4. Ne2 a6 5. c3 d5 6. exd5 exd5 7. d4 Nf6 8. O-O h6 9. h3 cxd4 10. cxd4 Bd6 11. Nbc3 O-O 12. Nf4 Bxf4 13. Bxf4 Qb6 14.
Bd6 Rd8 15. Bc5 Qc7 16. Na4 Nd7 17. Rc1 Nxc5 18. Nxc5 Bf5 19. Qh5 Bg6 20. Qg4 Rab8 21. h4 h5 22. Qd1 Qd6 0-1

[Event "Late-Titled-Tuesday-Blitz-March-26-2024"]
[Site "Chess.com"]
[Date "2024.03.26"]
[Round "6"]
[White "yujiarun18"]
[Black "martinmena"]
[Result "1-0"]
[WhiteElo "2127"]
[BlackElo "2226"]
[TimeControl "180+1"]
[EndTime "15:06:32 PDT"]
[Termination "yujiarun18 won on time"]

1. e4 c6 2. d4 d5 3. Nc3 dxe4 4.
Nxe4 Nd7 5. c3 Ngf6 6. Ng3 e6 7. Bd3 Bd6 8. Nf3 Qc7 9. O-O b6 10. Qe2 Bb7 11. Re1 O-O-O 12. a4 c5 13. a5 h5 14. axb6 axb6 15. Ba6 h4 16. Nf1 cxd4 17.
Nxd4 Nc5 18. Nb5 Qb8 19. Bxb7+ Qxb7 20. Be3 h3 21. f3 hxg2 22. Qxg2 Nd5 23. h3 Bf4 24. Ra7 Qc6 25. c4 Nxe3 26. Nxe3 Nd3 27. Re2 Nc1 28. Re1 Nd3 29. Raa1 Nxe1 30. Na7+ Kb7 31.
Nxc6 Bxe3+ 32. Kf1 Kxc6 33. Qe2 Nxf3 34. Qxf3+ Kc7 35.
Qxe3 Rd6 36. Qf4 1-0

[Event "Late-Titled-Tuesday-Blitz-March-26-2024"]
[Site "Chess.com"]
[Date "2024.03.26"]
[Round "6"]
[White "AlejandroArias"]
[Black "katharinareinecke"]
[Result "1/2-1/2"]
[WhiteElo "2356"]
[BlackElo "1992"]
[TimeControl "180+1"]
[EndTime "15:06:34 PDT"]
[Termination "Game drawn by repetition"]

1. e4 c6 2. d4 d5 3. exd5 cxd5 4. Bd3 Nc6 5. c3 Qc7 6. h3 Nf6 7. Nf3 g6 8. O-O Bg7 9. Re1 Bf5 10. Bf1 O-O 11. Nbd2 Ne4 12. Nh4 Nxd2 13. Bxd2 e6 14. g4 g5 15. Bxg5 Bg6 16. Nxg6 hxg6 17. Bd3 a6 18. Qd2 b5 19. a3 Na5 20. Bf4 Qb6 21. Be5 Nb3 22. Qf4 Nxa1 23. Rxa1 Qd8 24. Re1 Qh4 25. Kg2 Rad8 26. Re3 Rd7 27. Qf3 Bxe5 28.
Rxe5 Kg7 29. Re3 Rh8 30. Qf4 Qf6 31. Qg3 Qh4 32. Qe5+ Qf6 33. Qg3 Qh4 34. Qf4 Qf6 35.
Qg3 1/2-1/2

[Event "Late-Titled-Tuesday-Blitz-March-26-2024"]
[Site "Chess.com"]
[Date "2024.03.26"]
[Round "6"]
[White "Levanzovsky"]
[Black "TokChess"]
[Result "1-0"]
[WhiteElo "2430"]
[BlackElo "2595"]
[TimeControl "180+1"]
[EndTime "15:06:37 PDT"]
[Termination "Levanzovsky won by resignation"]

1. e4 e6 2. d4 d5 3. Nd2 Nf6 4. e5 Nfd7 5. c3 c5 6. Bd3 b6 7. Ne2 Ba6 8. Bxa6 Nxa6 9. O-O Be7 10. f4 g6 11. g4 cxd4 12. cxd4 Qc7 13. f5 gxf5 14. gxf5 Rg8+ 15. Kh1 O-O-O 16. Qa4 Kb7 17. Nb3 Qc4 18. Qxc4 dxc4 19. Nd2 b5 20. f6 Bf8 21. a4 bxa4 22. Rxa4 Nb6 23. Ra5 Nb4 24. Ne4 Rg4 25. Ng5 Rd7 26. Nxh7 Rg8 27. Be3 Rh8 28. Nxf8 Rxf8 29.
Rfa1 Nc6 30. R5a3 Nd5 31. Bf2 Rh8 32. Ra4 Nb6 33. R4a3 Rdd8 34. Rg3 Nb4 35. Rg7 Rd7 36. Nc3 Nc2 37. Rd1 Rf8 38. Rd2 Nb4 39. Ne4 Kc6 40. Be3 Nd3 41. Bh6 Re8 42. Ng5 Kd5 43. Rxf7 Rxf7 44.
Nxf7 Kxd4 45. Nd6 Rg8 46. f7 Rh8 47. f8=Q 1-0

[Event "Late-Titled-Tuesday-Blitz-March-26-2024"]
[Site "Chess.com"]
[Date "2024.03.26"]
[Round "6"]
[White "xasid81"]
[Black "temus_galaktionov"]
[Result "1-0"]
[WhiteElo "2628"]
[BlackElo "2844"]
[TimeControl "180+1"]
[EndTime "15:06:40 PDT"]
[Termination "xasid81 won by resignation"]

1. e4 c6 2. d4 g6 3. Nf3 Bg7 4. Nc3 d6 5. h3 Nd7 6. Bf4 e5 7.
dxe5 dxe5 8. Be3 Ngf6 9. Bc4 Qe7 10. a3 O-O 11. O-O Nc5 12. Nd2 Rd8 13. Qf3 Ne6 14.
Ne2 b5 15. Ba2 a5 16. Rfd1 Bb7 17. Bxe6 Qxe6 18. Nb3 Rxd1+ 19. Rxd1 Qc4 20. Nc5 Qxc2 21. Rc1 Qxb2 22. Nxb7 Qxa3 23. Rxc6 Ne8 24. Nc3 b4 25. Nd5 b3 26. Bc5 Qc1+ 27. Kh2 b2 28. Rb6 b1=Q 29. Ne7+ Kh8 30. Rxb1 Qxb1 31. Qxf7 Nf6 32. Nd6 Nxe4 33. Qg8+ 1-0

[Event "Late-Titled-Tuesday-Blitz-March-26-2024"]
[Site "Chess.com"]
[Date "2024.03.26"]
[Round "6"]
[White "cakeuvdort"]
[Black "kinga2008"]
[Result "0-1"]
[WhiteElo "2172"]
[BlackElo "2447"]
[TimeControl "180+1"]
[EndTime "15:06:42 PDT"]
[Termination "kinga2008 won by resignation"]

1. Nf3 c6 2. e3 d5 3. b3 Nf6 4. Bb2 Bg4 5. h3 Bh5 6. g4 Bg6 7. Ne5 Nbd7 8. f4 e6 9. d3 Bd6 10. Nd2 Bxe5 11. fxe5 Ng8 12. Nf3 h5 13. g5 h4 14. Qd2 Ne7 15. O-O-O Nf5 16. Rg1 Bh5 17. Qf2 Qb6 18. d4 a5 19. a4 O-O-O 20.
Bd3 Bxf3 21. Qxf3 g6 22. Bc3 c5 23. Bxf5 gxf5 24. g6 fxg6 25. Rxg6 c4 26. bxc4 Qc6 27. Bxa5 Qxa4 28. Bxd8 Rxd8 29. cxd5 Nb6 30. Kd2 Nc4+ 31. Ke2 Qxc2+ 32. Kf1 f4 33. Re1 Nd2+ 0-1

[Event "Late-Titled-Tuesday-Blitz-March-26-2024"]
[Site "Chess.com"]
[Date "2024.03.26"]
[Round "6"]
[White "MathiasWomacka"]
[Black "Iuckyducky"]
[Result "1-0"]
[WhiteElo "2487"]
[BlackElo "2313"]
[TimeControl "180+1"]
[EndTime "15:06:43 PDT"]
[Termination "MathiasWomacka won on time"]

1. e4 c6 2. d4 d5 3. Nd2 dxe4 4. Nxe4 Nf6 5. Nxf6+ exf6 6. Bc4 Bd6 7. Qe2+ Qe7 8. Qxe7+ Kxe7 9. Ne2 Re8 10. Bf4 Bxf4 11. Nxf4 Kf8+ 12. Kd2 a5 13. Rae1 b5 14. Rxe8+ Kxe8 15. Re1+ Kf8 16. Bd3 Bd7 17. Be4 Na6 18. d5 Rd8 19.
dxc6 Bxc6+ 20. Kc1 Bxe4 21. Rxe4 Nc5 22. Re2 g6 23. a3 b4 24. axb4 axb4 25. b3 f5 26. Rd2 Ra8 27. Rd4 Ra1+ 28. Kd2 Ne4+ 29. Ke2 Nc3+ 30. Kf3 g5 31. Nd5 g4+ 32. Ke3 Re1+ 33.
Kd3 Nxd5 34. Rxd5 Rd1+ 35. Kc4 Rxd5 36. Kxd5 1-0

[Event "Late-Titled-Tuesday-Blitz-March-26-2024"]
[Site "Chess.com"]
[Date "2024.03.26"]
[Round "6"]
[White "nj123456"]
[Black "Revan_2002"]
[Result "0-1"]
[WhiteElo "2478"]
[BlackElo "2654"]
[TimeControl "180+1"]
[EndTime "15:06:44 PDT"]
[Termination "Revan_2002 won by resignation"]

1. e4 e5 2. Nf3 Nc6 3. Bb5 a6 4. Ba4 d6 5. O-O Bd7 6. c3 Nf6 7. Re1 g6 8. d4 Bg7 9. Nbd2 O-O 10. Nf1 Re8 11. Ng3 b5 12. Bb3 Bg4 13. Be3 exd4 14. cxd4 Na5 15. Bc2 Nc4 16. Bc1 c5 17. b3 Nb6 18.
Bb2 Rc8 19. h3 Bxf3 20. Qxf3 cxd4 21. Bd3 Nfd7 22. Qd1 d5 23. f4 dxe4 24. Nxe4 Nd5 25. Qf3 N7f6 26. Nxf6+ Nxf6 27. Rad1 Qd5 28. Qxd5 Nxd5 29.
Rxe8+ Rxe8 30. Bf1 Ne3 31. Rd3 Nd5 32. Bxd4 Nxf4 33.
Rd1 Rd8 34. Bxg7 Rxd1 35. Bc3 Ne2+ 0-1

[Event "Late-Titled-Tuesday-Blitz-March-26-2024"]
[Site "Chess.com"]
[Date "2024.03.26"]
[Round "6"]
[White "Airquake"]
[Black "Alexander_Donchenko"]
[Result "0-1"]
[WhiteElo "2673"]
[BlackElo "2875"]
[TimeControl "180+1"]
[EndTime "15:06:46 PDT"]
[Termination "Alexander_Donchenko won on time"]

1. b3 a5 2. Bb2 a4 3. bxa4 Rxa4 4. Nf3 Nf6 5. e3 e6 6. c4 Ra8 7. Be2 Be7 8. O-O O-O 9. d4 b6 10. Nc3 Bb7 11. d5 d6 12. Nd4 e5 13. Nf5 Na6 14. f4 Bc8 15. fxe5 dxe5 16. Nxe7+ Qxe7 17. Nb5 Nc5 18. Qc2 Bd7 19. a4 c6 20. d6 Qd8 21.
Nc3 Be6 22. Rad1 Re8 23. Ba3 h6 24. Bb4 Ra7 25. a5 Na6 26. Ba3 bxa5 27. Na4 Nb4 28. Qc3 Ne4 29. Qxe5 Bxc4 30. Qd4 Bxe2 31. Qxa7 Bxf1 32.
Rxf1 Nxd6 33. Rd1 Nd5 34. Bxd6 Qxd6 35. Qxa5 Qa3 36. Kh1 Nxe3 37. Re1 Qa2 38. Rg1 Kh7 39. h3 Re4 40. Qc5 Qxa4 41. Re1 Qb3 0-1

[Event "Late-Titled-Tuesday-Blitz-March-26-2024"]
[Site "Chess.com"]
[Date "2024.03.26"]
[Round "6"]
[White "Bkmzzzzz"]
[Black "guillembaches"]
[Result "0-1"]
[WhiteElo "2393"]
[BlackElo "2534"]
[TimeControl "180+1"]
[EndTime "15:06:46 PDT"]
[Termination "guillembaches won on time"]

1. e4 d5 2. exd5 Qxd5 3. Nc3 Qa5 4. Nf3 Nf6 5. Bc4 Bf5 6. d4 e6 7. O-O Bb4 8. Ne2 O-O 9. c3 Bd6 10. Ng3 Bg6 11. Be3 c6 12. Qd2 Nbd7 13. b4 Qc7 14. a4 Rad8 15. a5 Nd5 16. Bd3 Nf4 17.
Bxg6 Nxg6 18. Ne4 Bf4 19. Rfe1 h6 20. g3 Bxe3 21. Qxe3 Ne7 22. Qe2 b6 23. axb6 axb6 24. Ra6 c5 25. bxc5 bxc5 26. Rea1 cxd4 27. Nxd4 Nd5 28.
Rc6 Qe5 29. f4 Qb8 30. Qc4 Qb2 31. Re1 Ra8 32. Qe2 Qxe2 33. Rxe2 Rfc8 0-1